AoeStats
← LMG_Leonardo

African Clearing

510433425Analyzed
2v2 RM · 11h ago on Oct 1, 2026· 53m 51s· 4 players
Game mode
Random Map
Map size
Medium (4 player)
Population
200
Speed
Normal
Resources
Standard
Victory
Conquest
Starting age
Dark Age
Ending age
Imperial Age
RankedLock teamsTeams togetherTeam positionsShared explorationLock speedFull tech treeHidden civsTurbo modeCheats
Victory
Defeat
🇭🇰 Teutons · Hong Kong SAR China
1489
+12
1445
+14
🇨🇴 Huns · Colombia
1403
-13
🇺🇸 Varangians · United States
1401
-13
LMG_Leonardo
7:34 Loom
8:06 Loom
11:31 Feudal Age
12:28 Double-Bit Axe
15:30 Bloodlines
19:44 Wheelbarrow
22:24 Castle Age
21:11 Scale Barding Armor
21:20 Forging
23:44 Chain Barding Armor
22:46 Light Cavalry
23:27 Husbandry
40:25 Bow Saw
45:15 Imperial Age
44:29 Fletching
44:40 Padded Archer Armor
46:55 Plate Barding Armor
46:57 Iron Casting
46:20 Bodkin Arrow
46:41 Leather Archer Armor
50:47 Conscription
51:41 Hand Cart
LMG_SON SABANDIJAS
10:26 Loom
12:57 Feudal Age
15:01 Double-Bit Axe
21:42 Castle Age
19:45 Horse Collar
20:38 Fletching
20:48 Padded Archer Armor
21:10 Bloodlines
22:43 Bodkin Arrow
24:03 Husbandry
27:35 Ballistics
32:16 Leather Archer Armor
41:11 Imperial Age
40:57 Wheelbarrow
41:50 Heavy Cavalry Archer
43:21 Parthian Tactics
43:32 Bracer
46:49 Chemistry
51:38 Hand Cart
52:31 Conscription
持盾的大貓 and you let her go
11:40 Loom
14:04 Feudal Age
15:50 Double-Bit Axe
15:46 Horse Collar
18:35 Castle Age
17:24 Scale Mail Armor
18:34 Man-at-Arms
19:29 Bow Saw
19:50 Chain Mail Armor
19:56 Squires
22:32 Long Swordsman
25:24 Gambesons
26:44 Gambesons
27:08 Arson
27:18 Town Watch
28:50 Forging
29:54 Wheelbarrow
29:34 Gold Mining
31:36 Heavy Plow
32:08 Stone Mining
33:22 Fletching
34:07 Bodkin Arrow
34:12 Padded Archer Armor
35:44 Leather Archer Armor
34:51 Elite Skirmisher
37:41 Ballistics
41:44 Imperial Age
40:16 Iron Casting
40:15 Hand Cart
40:47 Stone Shaft Mining
41:03 Pikeman
42:48 Conscription
41:52 Two-Handed Swordsman
43:09 Plate Mail Armor
44:06 Chemistry
43:10 Halberdier
45:35 Masonry
45:35 Guard Tower
45:31 Arrowslits
46:09 Crenellations
47:12 Blast Furnace
46:17 Scale Barding Armor
47:11 Ring Archer Armor
47:51 Keep
48:46 Two-Man Saw
48:26 Bloodlines
47:36 Cavalier
49:25 Chain Barding Armor
49:53 Crop Rotation
50:13 Elite Teutonic Knight
52:16 Plate Barding Armor
52:13 Coinage
52:41 Guilds
52:20 Champion
54:21 Siege Engineers
54:39 Bombard Tower
MXTS | ¿Se vale nuevo DLC?
11:21 Loom
14:01 Feudal Age
17:40 Castle Age
16:10 Double-Bit Axe
16:27 Horse Collar
21:29 Fletching
23:55 Padded Archer Armor
26:50 Town Watch
27:27 Husbandry
28:11 Bodkin Arrow
32:06 Bloodlines
35:26 Ballistics
42:06 Leather Archer Armor
44:10 Thumb Ring
47:47 Wheelbarrow
50:18 Imperial Age
51:13 Bracer
51:43 Ring Archer Armor
52:24 Chemistry
51:35 Masonry
50:59 Cranequins
52:26 Hand Cart
52:13 Heavy Mounted Crossbowman
Connection lost

Rejoining the realm…

Still unreachable

The connection could not be restored.

Session expired

The server has moved on; the page needs a fresh start.